 Dungeon Sprint DCSS version 0.18-a0-270-ga9d907f (webtiles) character file.

16142 Kidiri the Unseen (level 12, 0/63 HPs)
             Began as a Spriggan Enchanter on Nov 26, 2015.
             Was the Champion of Dithmenos.
             Succumbed to a greater naga's bolt of poison
             ... in the Dungeon (Sprint III: "The Ten Rune Challenge").
             The game lasted 00:13:39 (2484 turns).

Kidiri the Unseen (Spriggan Enchanter)              Turns: 2484, Time: 00:13:39

Health: 0/63       AC:  6    Str:  4    XL:     12   Next: 7%
Magic:  24/30      EV: 33    Int: 19    God:    Dithmenos [******]
Gold:   53         SH:  0    Dex: 19    Spells: 9 memorised, 9 levels left

rFire  . . .     SeeInvis +     k - +1 dagger (freeze)
rCold  . . .     Clarity  .     b - +1 robe
rNeg   . . .     SustAt   .     (shield restricted)
rPois  .         Gourm    .     (helmet restricted)
rElec  .         Spirit   .     e - +2 cloak {+Inv}
rCorr  .         Warding  .     (gloves unavailable)
rMut   .         NoTele   +     (boots unavailable)
MR     ++...                    (no amulet)
Stlth  ++++++++++               (no ring)
                                (no ring)

@: lethally poisoned (0 -> -16), very slightly contaminated, wreathed by umbra,
very quick, very resistant to hostile enchantments, uncannily stealthy
A: unfitting armour, see invisible, herbivore 3, speed 3, slow metabolism 2
a: Shadow Step, Shadow Form, Renounce Religion, Evoke Invisibility


You were in the Dungeon.
You worshipped Dithmenos.
Dithmenos was exalted by your worship.
You were full.

You visited 1 branch You collected 53 gold pieces.

Inventory:

Hand Weapons
 k - a +1 dagger of freezing (weapon)
Armour
 b - a +1 robe (worn)
 e - a +2 cloak of invisibility (worn)
Scrolls
 l - a scroll of torment
 n - 4 scrolls of remove curse
 r - a scroll of holy word
 s - a scroll of magic mapping {unknown}
Potions
 g - a potion of haste
 h - 2 potions of magic
 p - 3 potions of cure mutation
 q - 2 potions of flight
Books
 c - a book of Maledictions

   Spells                             Type                      Level
   a - Corona                         Hexes                        1
   b - Ensorcelled Hibernation        Hexes/Ice                    2
   c - Confuse                        Hexes                        3
   d - Tukima's Dance                 Hexes                        3
   e - Dazzling Spray                 Conjuration/Hexes            3
 i - a book of the Warp

   Spells                             Type                      Level
   a - Recall                         Summoning/Translocation      3
   b - Gell's Gravitas                Hexes/Translocation          3
   c - Force Lance                    Conjuration/Translocation    4
   d - Phase Shift                    Translocation                5
   e - Warp Weapon                    Charms/Translocation         5
   f - Summon Forest                  Summoning/Translocation      5
Comestibles
 a - 5 fruits
 o - 28 royal jellies


   Skills:
 + Level 7.0 Fighting
 * Level 12.7 Short Blades
 + Level 6.3 Armour
 * Level 16.1 Dodging
 * Level 17.4 Stealth
 * Level 13.6 Spellcasting
 + Level 6.1 Conjurations
 + Level 10.8 Hexes
 + Level 6.9 Charms
 + Level 10.5 Translocations
 + Level 6.7 Ice Magic
 - Level 2.0 Invocations
 + Level 6.3 Evocations


You had 9 spell levels left.
You knew the following spells:

 Your Spells              Type           Power        Failure   Level  Hunger
a - Corona                Hex            ######.      1%          1    None
b - Ensorcelled Hibernat  Hex/Ice        #####.       1%          2    None
c - Confuse               Hex            ######..     1%          3    None
d - Tukima's Dance        Hex            ######..     1%          3    None
e - Dazzling Spray        Conj/Hex       #####...     1%          3    None
f - Gell's Gravitas       Hex/Tloc       ######....   1%          3    None
g - Force Lance           Conj/Tloc      #####...     1%          4    None
h - Phase Shift           Tloc           ######....   1%          5    ####...
i - Warp Weapon           Chrm/Tloc      #####.....   4%          5    ####...


Dungeon Overview and Level Annotations

Branches:
Dungeon (1/1)

Altars:
Cheibriados
Dithmenos
Elyvilon
Fedhas
Gozag
Kikubaaqudgha
Makhleb
Nemelex Xobeh
Okawaru
Qazlal
Ru
Sif Muna
Trog
Vehumet
Xom
Yredelemnul
Zin
The Shining One
Jiyva
Lugonu

Shops:
D ?=(


Innate Abilities, Weirdness & Mutations

You are tiny and cannot use many weapons and most armour.
You have supernaturally acute eyesight.
You are a herbivore.
You cover ground extremely quickly.
You need consume almost no food.


Message History

* * * LOW HITPOINT WARNING * * *
You feel sick. The greater naga misses you.
Unknown command.
Drink which item? (? for menu, Esc to quit)
Okay, then.
That item cannot be evoked!
Unknown command.
Unknown command.
Unknown command.
Unknown command.
Unknown command.
Read which item? (? for menu, Esc to quit)
Blink to where?
Press: ? - help, Dir - move target cursor, p - naga warrior You are very lightly contaminated with residual magic.
As you read the scroll of blinking, it crumbles to dust.
* * * LOW HITPOINT WARNING * * *
You feel sick.
Unknown command.
You die...

#######'#############
#...........##
#............#
###########..#
##...........#
#.........÷.##
#..##########
#...........##
##........@..#
##########..#
##.§§N§......#
#∩.NN§§.....##
#∩.########## #∩ #


There were no monsters in sight!

Vanquished Creatures
  Maud (D)
  Snorg (D)
  2 hydras (D)
  A centaur warrior (D)
  5 anacondas (D)
  A death drake (D)
  An unseen horror (D)
  A spriggan druid (D)
  A lindwurm (D)
  3 black mambas (D)
  2 spiny frogs (D)
  A deep elf priest (D)
  A komodo dragon (D)
  2 giant leeches (D)
  A queen bee (D)
  A shadow (D)
  3 wandering mushrooms (D)
  2 spriggans (D)
  3 redbacks (D)
  A spatial vortex (D)
  A naga (D)
  3 water moccasins (D)
  A necrophage (D)
  2 centaurs (D)
  An earth elemental (D)
  A water elemental (D)
  An electric eel (D)
  32 killer bees (D)
  A jelly (D)
  Crazy Yiuf (D)
  A necromancer (D)
  A wizard (D)
  3 humans (D)
  A kobold demonologist (D)
  2 adders (D)
  An ooze (D)
  3 rats (D)
90 creatures vanquished.

Vanquished Creatures (others)
  2 draconian scorchers (D)
  2 yaktaurs (D)
4 creatures vanquished.

Grand Total: 94 creatures vanquished

Notes
Turn   | Place    | Note
--------------------------------------------------------------
     0 | D        | Kidiri the Spriggan Enchanter began the quest for the Orb.
     0 | D        | Reached XP level 1. HP: 9/9 MP: 5/5
    17 | D        | Reached skill level 5 in Stealth
   166 | D        | Killed a yaktaur
   211 | D        | Reached skill level 1 in Fighting
   211 | D        | Reached skill level 6 in Stealth
   211 | D        | Reached XP level 2. HP: 4/14 MP: 4/7
   225 | D        | Learned a level 2 spell: Ensorcelled Hibernation
   261 | D        | Killed a white draconian scorcher
   359 | D        | Killed a white draconian scorcher
   512 | D        | Noticed Crazy Yiuf
   554 | D        | Killed a yaktaur
   606 | D        | Killed Crazy Yiuf
   606 | D        | Reached skill level 1 in Armour
   606 | D        | Reached skill level 5 in Dodging
   606 | D        | Reached XP level 3. HP: 18/18 MP: 1/9
   618 | D        | Learned a level 3 spell: Confuse
   622 | D        | Learned a level 3 spell: Dazzling Spray
   681 | D        | Gained mutation: Your spells are a little easier to cast, but a little less powerful. [potion of mutation]
   681 | D        | Gained mutation: You are agile. (Dex +2) [potion of mutation]
   681 | D        | Lost mutation: You are agile. (Dex +2) [potion of mutation]
   682 | D        | Gained mutation: You occasionally shout uncontrollably at your foes. [potion of mutation]
   682 | D        | Gained mutation: Your muscles are strong. (Str +2) [potion of mutation]
   682 | D        | Gained mutation: You are clumsy. (Dex -2) [potion of mutation]
   683 | D        | Lost mutation: You are clumsy. (Dex -2) [potion of cure mutation]
   683 | D        | Lost mutation: Your spells are a little easier to cast, but a little less powerful. [potion of cure mutation]
   683 | D        | Lost mutation: You occasionally shout uncontrollably at your foes. [potion of cure mutation]
   683 | D        | Lost mutation: Your muscles are strong. (Str +2) [potion of cure mutation]
   684 | D        | Gained mutation: You are robust (+10% HP). [potion of mutation]
   684 | D        | Gained mutation: You are dopey. (Int -2) [potion of mutation]
   684 | D        | Gained mutation: You expend magic power (3 MP) to strengthen your wands. [potion of mutation]
   685 | D        | Lost mutation: You expend magic power (3 MP) to strengthen your wands. [potion of cure mutation]
   685 | D        | Lost mutation: You are dopey. (Int -2) [potion of cure mutation]
   685 | D        | Lost mutation: You are robust (+10% HP). [potion of cure mutation]
   703 | D        | Noticed a water elemental
   721 | D        | Killed a water elemental
   721 | D        | Reached skill level 7 in Stealth
   721 | D        | Reached skill level 5 in Spellcasting
   721 | D        | Reached skill level 1 in Ice Magic
   721 | D        | Reached XP level 4. HP: 15/23 MP: 0/12
   731 | D        | Learned a level 3 spell: Tukima's Dance
   908 | D        | Noticed a shadow
   910 | D        | Killed a shadow
   910 | D        | Reached skill level 5 in Short Blades
   910 | D        | Reached skill level 9 in Stealth
   910 | D        | Reached skill level 1 in Conjurations
   910 | D        | Reached skill level 5 in Hexes
   910 | D        | Reached XP level 5. HP: 28/28 MP: 13/15
   910 | D        | Reached XP level 6. HP: 32/32 MP: 13/16
   979 | D        | Found a stormy altar of Qazlal.
   980 | D        | Found a sacrificial altar of Ru.
   980 | D        | Found a burning altar of Makhleb.
   980 | D        | Found a viscous altar of Jiyva.
   980 | D        | Found a shimmering altar of Xom.
   980 | D        | Found a shadowy altar of Dithmenos.
   980 | D        | Found a sparkling altar of Nemelex Xobeh.
   980 | D        | Found a corrupted altar of Lugonu.
   980 | D        | Found an opulent altar of Gozag.
   980 | D        | Noticed a spatial vortex
   984 | D        | Became a worshipper of Dithmenos the Shadowed
   987 | D        | Killed a spatial vortex
   987 | D        | Reached skill level 10 in Stealth
   987 | D        | Reached skill level 1 in Invocations
  1042 | D        | Found a radiant altar of Vehumet.
  1043 | D        | Found a deep blue altar of Sif Muna.
  1043 | D        | Found an ancient bone altar of Kikubaaqudgha.
  1058 | D        | Learned a level 3 spell: Gell's Gravitas
  1063 | D        | Learned a level 4 spell: Force Lance
  1088 | D        | Found a glowing silver altar of Zin.
  1089 | D        | Found a glowing golden altar of the Shining One.
  1089 | D        | Found a white marble altar of Elyvilon.
  1089 | D        | Noticed a deep elf priest
  1091 | D        | Killed a deep elf priest
  1091 | D        | Reached * piety under Dithmenos
  1091 | D        | Reached XP level 7. HP: 36/36 MP: 17/19
  1107 | D        | Found an iron altar of Okawaru.
  1108 | D        | Found a bloodstained altar of Trog.
  1108 | D        | Noticed a human
  1108 | D        | Noticed a human
  1111 | D        | Killed a human
  1111 | D        | Reached skill level 10 in Dodging
  1111 | D        | Reached skill level 11 in Stealth
  1121 | D        | Killed a human
  1160 | D        | Found a snail-covered altar of Cheibriados.
  1161 | D        | Found a basalt altar of Yredelemnul.
  1161 | D        | Found a blossoming altar of Fedhas.
  1162 | D        | Reached ** piety under Dithmenos
  1162 | D        | Reached XP level 8. HP: 42/42 MP: 19/21
  1182 | D        | Noticed Snorg
  1184 | D        | Killed Snorg
  1184 | D        | Reached skill level 12 in Stealth
  1191 | D        | Learned a level 5 spell: Phase Shift
  1196 | D        | Reached skill level 5 in Translocations
  1196 | D        | Reached XP level 9. HP: 46/46 MP: 23/23
  1269 | D        | Noticed a centaur warrior
  1275 | D        | Reached *** piety under Dithmenos
  1301 | D        | Killed a centaur warrior
  1301 | D        | Reached skill level 13 in Stealth
  1301 | D        | Reached skill level 10 in Spellcasting
  1431 | D        | Noticed an unseen horror
  1433 | D        | Killed an unseen horror
  1433 | D        | Reached skill level 5 in Fighting
  1446 | D        | Reached **** piety under Dithmenos
  1448 | D        | Reached skill level 14 in Stealth
  1448 | D        | Reached skill level 5 in Ice Magic
  1449 | D        | Reached ***** piety under Dithmenos
  1450 | D        | Reached skill level 10 in Short Blades
  1450 | D        | Reached XP level 10. HP: 51/51 MP: 12/25
  1451 | D        | Reached ****** piety under Dithmenos
  1642 | D        | Learned a level 5 spell: Warp Weapon
  1663 | D        | Reached skill level 5 in Armour
  1663 | D        | Reached skill level 1 in Charms
  1663 | D        | Reached skill level 1 in Evocations
  1876 | D        | Reached skill level 15 in Stealth
  1904 | D        | Reached skill level 5 in Conjurations
  1905 | D        | Noticed a lindwurm
  1908 | D        | Killed a lindwurm
  1926 | D        | Noticed Maud
  1928 | D        | Killed Maud
  1928 | D        | Reached skill level 10 in Hexes
  1928 | D        | Reached XP level 11. HP: 56/56 MP: 28/28
  1932 | D        | Noticed a five-headed hydra
  1932 | D        | Noticed a five-headed hydra
  1936 | D        | Killed a five-headed hydra
  1936 | D        | Reached skill level 16 in Stealth
  1937 | D        | Killed a five-headed hydra
  1976 | D        | Noticed a death drake
  1978 | D        | Killed a death drake
  1978 | D        | Reached skill level 15 in Dodging
  1978 | D        | Reached skill level 5 in Charms
  1985 | D        | Found a blossoming altar of Fedhas.
  1985 | D        | Noticed a spriggan druid
  1987 | D        | Killed a spriggan druid
  1988 | D        | Reached skill level 5 in Evocations
  2076 | D        | Noticed an anaconda
  2078 | D        | Killed an anaconda
  2106 | D        | Noticed an anaconda
  2107 | D        | Noticed an anaconda
  2108 | D        | Reached skill level 10 in Translocations
  2110 | D        | Killed an anaconda
  2110 | D        | Reached skill level 17 in Stealth
  2114 | D        | Killed an anaconda
  2135 | D        | Noticed an anaconda
  2135 | D        | Noticed an anaconda
  2137 | D        | Killed an anaconda
  2393 | D        | Killed an anaconda
  2393 | D        | Reached XP level 12. HP: 54/63 MP: 18/30
  2476 | D        | Noticed a naga warrior
  2476 | D        | Noticed a greater naga
  2476 | D        | Found Coed's Magic Scroll Shop.
  2476 | D        | Found Vuleb's Jewellery Shoppe.
  2476 | D        | Found Puyreath's Antique Weapon Boutique.
  2482 | D        | HP: 2/63 [poisoned by a greater naga (bolt of poison)]
  2484 | D        | Succumbed to a greater naga's bolt of poison

Vault maps used:
D:        dungeon_sprint_mu

Action                   |  1- 3 |  4- 6 |  7- 9 | 10-12 || total
-------------------------+-------+-------+-------+-------++-------
Melee: Dagger            |    22 |     5 |    32 |    70 ||   129
 Cast: Corona            |     3 |       |     2 |       ||     5
       Ensorcelled Hiber |     5 |     2 |       |     6 ||    13
       Dazzling Spray    |     3 |     3 |     7 |    16 ||    29
       Confuse           |       |       |     1 |     2 ||     3
       Gell's Gravitas   |       |       |     5 |     5 ||    10
Invok: Shadow Step       |       |       |       |     9 ||     9
 Abil: Evoke Invisibilit |       |       |       |     1 ||     1
  Use: Potion            |     7 |       |     2 |     1 ||    10
       Scroll            |     2 |       |       |     1 ||     3
 Stab: Sleeping          |     5 |     5 |     7 |    29 ||    46
       Confused          |       |       |     1 |     1 ||     2
       Invisible         |       |       |     1 |     1 ||     2
  Eat: Bread ration      |       |       |       |     1 ||     1
       Fruit             |       |       |       |     1 ||     1
